 Dungeon Crawl Stone Soup version 0.29-a0-857-g9b1aa3ac5b (webtiles) character file.

Game seed: 11105817354344682735

14438 quixfox the Basher (level 12, 0/79 HPs)
             Began as a Gargoyle Fighter on July 17, 2022.
             Was a High Priest of Okawaru.
             Slain by an ice devil (8 damage)
             ... in an ice cave.
             The game lasted 00:24:15 (12383 turns).

quixfox the Basher (Gargoyle Fighter)              Turns: 12383, Time: 00:24:16

Health: 0/79       AC: 34    Str: 23    XL:     12   Next: 16%
Magic:  15/17      EV:  9    Int:  9    God:    Okawaru [*****.]
Gold:   507        SH:  6    Dex: 11    Spells: 11/11 levels left

rFire   . . .      SeeInvis .   h - +4 flail (freeze)
rCold   + . .      Faith    +   c - +0 buckler
rNeg    + . .      Spirit   .   v - +1 plate armour
rPois   ∞          Reflect  .   w - +2 helmet
rElec   +          Harm     .   (no cloak)
rCorr   .          Rampage  .   (no gloves)
Will    .....                   (no boots)
Stlth   ..........              z - amulet of faith
HPRegen 0.23/turn               m - +4 ring of protection
MPRegen 0.15/turn               p - ring of protection from cold

@: heroic, studying Transmutations
A: sickness immunity, AC +8, negative energy resistance 1, electricity
resistance, torment resistance 1, petrification resistance
a: Renounce Religion, Heroism, Finesse, Duel


You were in an ice cave.
You worshipped Okawaru.
Okawaru was extremely pleased with you.
You visited 2 branches of the dungeon, and saw 12 of its levels.
You also visited: Ice Cave.

You collected 507 gold pieces.

Inventory:

Hand Weapons
 h - a +4 flail of freezing (weapon)
Missiles
 y - 2 boomerangs
 B - 8 javelins
 D - 6 silver javelins (quivered)
Armour
 c - a +0 buckler (worn)
 v - a +1 plate armour (worn)
 w - a +2 helmet (worn)
Jewellery
 k - an amulet of regeneration
 m - a +4 ring of protection (left hand)
 o - a ring of see invisible
 p - a ring of protection from cold (right hand)
 x - a +6 ring of dexterity
 z - an amulet of faith (around neck)
Wands
 A - a wand of digging (2)
 C - a wand of paralysis (8)
Scrolls
 f - 3 scrolls of enchant armour
 g - 3 scrolls of teleportation
 q - a scroll of amnesia
Potions
 a - a potion of lignification {unknown}
 b - 3 potions of cancellation
 e - a potion of mutation
 i - 2 potions of magic
 j - 5 potions of curing
 l - a potion of attraction
 n - a potion of berserk rage
 r - a potion of haste
 s - a potion of flight {unknown}
 t - 2 potions of brilliance
 u - a potion of might


   Skills:
 + Level 10.6(15.6) Fighting
 * Level 13.1(18.1) Maces & Flails
 + Level 10.6(15.6) Armour
 - Level 3.2(8.2) Shields
 + Level 6.8 Invocations


You had 11 spell levels left.
You didn't know any spells.
Your spell library contained the following spells:

 Spells                   Type           Power      Damage    Failure   Level
 Freeze                   Ice            0%         1d3       99%         1
 Blink                    Tloc           0%         N/A       99%         2
 Frozen Ramparts          Ice            0%         1d2       100%        3
 Lesser Beckoning         Tloc           0%         N/A       100%        3
 Hailstorm                Conj/Ice       0%         3d3       100%        4
 Manifold Assault         Tloc           0%         N/A       100%        5


Dungeon Overview and Level Annotations

Branches:
Dungeon (11/15)            Temple (1/1) D:5            Lair (0/6) D:8
  IceCv (1/1)
    Orc: D:9-12

Altars:
Ashenzari
Cheibriados
Dithmenos
Elyvilon
Fedhas
Gozag
Hepliaklqana
Kikubaaqudgha
Makhleb
Nemelex Xobeh
Okawaru
Qazlal
Ru
Sif Muna
Trog
Uskayaw
Vehumet
Wu Jian
Xom
Yredelemnul
Zin
The Shining One

Shops:
D:8 [

Annotations:
D:3 3 runed translucent doors, gdog's ghost, weakling GnDe
D:6 1 runed translucent door, IndoAryan's ghost, novice MiFi
D:8 1 runed translucent door, SirDiesAlot's ghost, novice DEEE


Innate Abilities, Weirdness & Mutations

You are immune to sickness and miasma.
Your stone body is resilient. (AC +8)
You are immune to poison.
You resist negative energy. (rN+)
You are resistant to electric shocks. (rElec)
You are resistant to unholy torment.
You are immune to petrification.


Message History

You hit the ice devil but do no damage. You sock the ice devil!
The ice devil is moderately wounded.
The ice devil hits you but does no damage.
You hit the ice devil.
The ice devil is moderately wounded.
You block the ice devil's attack.
You hit the ice devil but do no damage.
The ice devil is moderately wounded.
The ice devil hits you. The ice devil freezes you! You resist.
* * * LOW HITPOINT WARNING * * *
You closely miss the ice devil.
The ice devil is moderately wounded.
You hit the ice devil but do no damage.
The ice devil is moderately wounded.
You block the ice devil's attack.
You feel better.
The ice devil hits you but does no damage.
You gain the combat prowess of a mighty hero.
The ice devil hits you.
* * * LOW HITPOINT WARNING * * *
The ice devil freezes you. You resist.
* * * LOW HITPOINT WARNING * * *
You completely miss the ice devil.
The ice devil is moderately wounded.
The ice devil hits you but does no damage.
You bludgeon the ice devil!!
The ice devil is severely wounded.
You closely miss the ice devil.
The ice devil is severely wounded.
The ice devil hits you but does no damage.
You hit the ice devil.
The ice devil is severely wounded.
The ice devil barely misses you.
You hit the ice devil but do no damage.
The ice devil is severely wounded.
The ice devil hits you!
* * * LOW HITPOINT WARNING * * *
The ice devil freezes you! You resist.
You die...

##### #####
#....##### ##...##
#...4.### ##..∩..#
##.@#...# #.......
####..## #...∩...
##..### ##.....#
###...### ##...##
####.......##
#...##
#[......Z...#
##...#
#[..........#
##...#
########8........#
##...## ##...##
##........##
#...##


You could see an ice devil.

Vanquished Creatures
  2 two-headed ogres
  3 death yaks
  2 ugly things
  A cyclops (D:8)
  2 entropy weaver simulacra (IceCv)
  2 freezing wraiths (IceCv)
  4 ice devils (IceCv)
  A troll (D:11)
  16 yaks
  A dire elephant simulacrum (IceCv)
  2 wyverns
  5 humans (D:10)
  An acid dragon (D:9)
  2 harpy simulacra (IceCv)
  5 water moccasins
  An orc warrior (D:6)
  Duvessa (D:4)
  A sky beast (D:8)
  2 black bears
  7 centaurs
  3 phantoms
  3 bullfrogs
  A two-headed ogre simulacrum (IceCv)
  2 scorpions
  22 wights
  Dowan (D:4)
  3 elephant simulacra (IceCv)
  3 howler monkeys (D:10)
  3 orc priests
  A gnoll bouda (D:6)
  4 hounds
  2 iguanas
  Terence (D:2)
  5 orc wizards
  3 hell rats
  5 polar bear simulacra (IceCv)
  2 spriggan simulacra (IceCv)
  3 wolf simulacra (IceCv)
  2 river rats (D:8)
  9 adders
  8 gnolls
  A naga simulacrum (IceCv)
  3 ufetubi
  A worm (D:5)
  3 dart slugs
  21 orcs
  7 endoplasms
  2 giant cockroaches
  3 goblins
  10 hobgoblins
  2 jackals (D:3)
  5 kobolds
  7 quokkas
  8 ball pythons
  4 bats
  4 frilled lizards
  4 rats
232 creatures vanquished.

Vanquished Creatures (others)
  19 plants
19 creatures vanquished.

Grand Total: 251 creatures vanquished

Notes
Turn   | Place    | Note
-------+----------+-------------------------------------------
     0 | D:1      | quixfox the Gargoyle Fighter began the quest for the Orb.
     0 | D:1      | Reached XP level 1. HP: 14/14 MP: 1/1
   356 | D:1      | Reached XP level 2. HP: 16/19 MP: 2/2
   522 | D:1      | Found a faded altar of an unknown god.
   727 | D:1      | Reached XP level 3. HP: 23/23 MP: 3/3
   913 | D:2      | Reached skill level 3 in Maces & Flails
  1434 | D:2      | Found a radiant altar of Vehumet.
  1484 | D:2      | Reached XP level 4. HP: 25/29 MP: 4/4
  1548 | D:2      | Noticed Terence
  1566 | D:2      | Killed Terence
  2097 | D:3      | Found a blossoming altar of Fedhas.
  2129 | D:3      | Identified a scroll of acquirement
  2129 | D:3      | Acquired a manual of Transmutations
  2414 | D:3      | Reached XP level 5. HP: 33/33 MP: 5/5
  2813 | D:3      | Found a runed translucent gate.
  2813 | D:3      | Found a runed translucent gate.
  2813 | D:3      | Found a runed translucent gate.
  2815 | D:3      | Noticed gdog's ghost (weakling GnDe)
  2817 | D:3      | Noticed a kobold brigand
  2967 | D:3      | Found a stormy altar of Qazlal.
  2969 | D:3      | Found a white marble altar of Elyvilon.
  2969 | D:3      | Found a sparkling altar of Nemelex Xobeh.
  2971 | D:3      | Found a shimmering altar of Xom.
  2971 | D:3      | Found a bloodstained altar of Trog.
  2971 | D:3      | Found a sacrificial altar of Ru.
  3410 | D:4      | Noticed Duvessa
  3410 | D:4      | Noticed Dowan
  3427 | D:4      | Killed Duvessa
  3428 | D:4      | Reached skill level 4 in Maces & Flails
  3428 | D:4      | Reached XP level 6. HP: 30/39 MP: 6/6
  3434 | D:4      | Killed Dowan
  4131 | D:4      | Noticed a black bear
  4141 | D:4      | Killed a black bear
  4142 | D:4      | Reached skill level 5 in Maces & Flails
  4347 | D:5      | Entered Level 5 of the Dungeon
  4382 | D:5      | Reached skill level 5 in Fighting
  4570 | D:5      | Reached skill level 5 in Armour
  4572 | D:5      | Reached XP level 7. HP: 36/44 MP: 7/7
  5103 | D:5      | Reached skill level 6 in Maces & Flails
  5283 | D:5      | Found a staircase to the Ecumenical Temple.
  5293 | Temple   | Entered the Ecumenical Temple
  5661 | D:6      | Reached XP level 8. HP: 51/51 MP: 8/8
  5667 | D:6      | Found a runed translucent door.
  5667 | D:6      | Noticed IndoAryan's ghost (novice MiFi)
  5716 | D:6      | Reached skill level 7 in Maces & Flails
  6279 | D:6      | Noticed a wyvern
  6293 | D:6      | Killed a wyvern
  6294 | D:6      | Reached skill level 8 in Maces & Flails
  6704 | D:7      | Found an ancient bone altar of Kikubaaqudgha.
  6705 | D:7      | Found a sparkling altar of Nemelex Xobeh.
  6777 | D:7      | Reached XP level 9. HP: 56/56 MP: 9/9
  7115 | D:7      | Reached skill level 9 in Maces & Flails
  7199 | D:7      | Found an iron altar of Okawaru.
  7208 | D:7      | Became a worshipper of Warmaster Okawaru
  7453 | D:7      | Found a glowing golden altar of the Shining One.
  7530 | D:7      | You fall into a shaft and drop 3 floors!
  7530 | D:10     | Entered Level 10 of the Dungeon
  7582 | D:10     | Reached * piety under Okawaru
  7619 | D:10     | Reached skill level 10 in Maces & Flails
  7619 | D:10     | Reached skill level 1 in Invocations
  7619 | D:10     | Reached XP level 10. HP: 62/64 MP: 10/10
  7675 | D:10     | Reached ** piety under Okawaru
  7922 | D:8      | Noticed a death yak
  7942 | D:8      | Noticed a death yak
  7943 | D:8      | Noticed a death yak
  7945 | D:8      | Killed a death yak
  7954 | D:8      | Killed a death yak
  7954 | D:8      | Reached *** piety under Okawaru
  7955 | D:8      | Reached skill level 11 in Maces & Flails
  7983 | D:9      | Killed a death yak
  8064 | D:8      | Found a staircase to the Lair.
  8117 | D:8      | Reached XP level 11. HP: 71/71 MP: 14/14
  8218 | D:8      | Found a runed translucent door.
  8241 | D:8      | Reached **** piety under Okawaru
  8565 | D:8      | Noticed a cyclops
  8576 | D:8      | Killed a cyclops
  8577 | D:8      | Reached skill level 5 in Invocations
  8695 | D:8      | Found a bloodstained altar of Trog.
  8723 | D:8      | Found Garshasp's Dragon-Slaying Spoils.
  8834 | D:8      | Found a hide-covered altar of Uskayaw.
  8835 | D:8      | Found a broken altar of Ashenzari.
  8837 | D:8      | Found a sacrificial altar of Ru.
  8863 | D:8      | Noticed a two-headed ogre
  8868 | D:8      | Killed a two-headed ogre
  8885 | D:8      | Found a shadowy altar of Dithmenos.
  8936 | D:8      | Noticed SirDiesAlot's ghost (novice DEEE)
  9045 | D:8      | Found a stormy altar of Qazlal.
  9155 | D:8      | Found a burning altar of Makhleb.
  9244 | D:9      | Noticed a two-headed ogre
  9253 | D:9      | Killed a two-headed ogre
  9254 | D:9      | Reached skill level 12 in Maces & Flails
  9677 | D:9      | Reached ***** piety under Okawaru
  9895 | D:9      | Noticed a brown ugly thing
  9920 | D:9      | Killed a brown ugly thing
  9921 | D:9      | Reached skill level 10 in Fighting
  9921 | D:9      | Reached skill level 10 in Armour
 10050 | D:9      | Found a radiant altar of Vehumet.
 10687 | D:10     | Found a hazy altar of Hepliaklqana.
 10915 | D:10     | Found an opulent altar of Gozag.
 10997 | D:11     | Found a frozen archway.
 11009 | IceCv    | Entered an ice cave
 11421 | IceCv    | Received a gift from Okawaru
 11916 | IceCv    | Received a gift from Okawaru
 11917 | IceCv    | Reached XP level 12. HP: 67/78 MP: 14/16
 12028 | IceCv    | Found an ancient bone altar of Kikubaaqudgha.
 12057 | IceCv    | Reached skill level 13 in Maces & Flails
 12383 | IceCv    | Slain by an ice devil

Illustrated notes

Levels and vault maps discovered:
D:1:      lightli_arrival_maybe_door_vault, layout_rooms,
          nicolae_ecumenical_snake_handling, wad_floor_pattern_1,
          nicolae_figureground_sparkle
D:2:      layout_loops_cross, basic_altar, minivault_14,
          kennysheep_small_spiral, serial_bayou_crossing, uniq_terence
D:3:      layout_basic, mainiacjoe_overflow_boulevard, doesnt_xom_only_xom,
          gammafunk_ghost_nasty_kobolds, nicolae_eternal_life,
          grunt_ministairs_6, kennysheep_generic_room_13
D:4:      dreamdust_elfheim, layout_basic, serial_glass, glass_columns_c,
          glass_columns_c, due_unseen_surprise, minmay_strange_pillars
D:5:      layout_basic, minmay_temple_entry_mist, serial_curves, eino_curves_01,
          eino_curves_01
D:6:      layout_basic, gammafunk_ghost_grave
D:7:      layout_rooms, tso_oasis_becter, mainiacjoe_overflow_catch_the_wave,
          okawaru_gym_becter, chequers_serial_rivers_micro_c,
          grunt_ministairs_15, grunt_decor_junction
D:8:      layout_rooms, lemuel_doored_altar, nicolae_overflow_hidden_temple,
          lightli_temple_of_fire, dpeg_lair_monsters,
          ebering_ghost_reflecting_pool, nicolae_shop_dragon_depot
D:9:      kennysheep_big_flooded_room, layout_long_grid,
          nicolae_vehumet_radiance
D:10:     layout_loops_ring, lemuel_coloured_pillars_altar, marbit_many_paths,
          hellmonk_bongcloud_opening, minmay_ruffians
D:11:     layout_basic, david_orc_4, portal_ice_cave_entry_pillars_1,
          elyvilon_altar_1
Temple:   nicolae_temple_superstar
IceCv:    ice_cave_small_necro

Skill      XL: |  1  2  3  4  5  6  7  8  9 10 11 12 |
---------------+-------------------------------------+-----
Maces & Flails | 3 4 5 6 8 10 11 12 13 | 13.1
Fighting       | 4 5 6 8 9 10 | 10.6
Armour         | 4 5 6 8 9 10 | 10.6
Invocations    | 1 4 6 |  6.8
Shields        | |  3.2

Action                   |  1- 3 |  4- 6 |  7- 9 | 10-12 || total
-------------------------+-------+-------+-------+-------++-------
Melee: Flail             |   114 |   157 |   339 |   437 ||  1047
Throw: Boomerang         |       |       |       |    12 ||    12
       Javelin           |       |       |       |     1 ||     1
Invok: Heroism           |       |       |       |    10 ||    10
  Use: Scroll            |       |    13 |     8 |     5 ||    26
       Potion            |       |     1 |     1 |     5 ||     7
 Stab: Distracted        |       |       |       |     1 ||     1
Armor: Scale mail        |    75 |   109 |   126 |       ||   310
       Plate armour      |       |       |   107 |   350 ||   457
Dodge: Dodged            |    60 |    93 |   141 |   112 ||   406
Block: Buckler           |    19 |    36 |    59 |    79 ||   193

Table legend: (Time is in decaauts)
 A = Elapsed time spent in this place.
 B = Non-inter-level travel time spent in this place.
 C = Inter-level travel time spent in this place.
 D = Time resting spent in this place.
 E = Time spent auto-exploring this place.
 F = Levels seen in this place.
 G = Mean time per level.
                   A        B        C        D        E       F      G
               +--------+--------+--------+--------+--------+-----+--------+
         Total |  12437 |  11740 |    697 |   1225 |   7926 |  13 |  956.7 |
       Dungeon |  10972 |  10275 |    697 |    214 |   7820 |  11 |  997.5 |
        Temple |    122 |    122 |      0 |      0 |    106 |   1 |  122.0 |
      Ice Cave |   1342 |   1342 |      0 |   1010 |      0 |   1 | 1342.0 |
               +--------+--------+--------+--------+--------+-----+--------+

Top non-repeatable levels by time:
     D:4: 1457 daAuts
   IceCv: 1342 daAuts
     D:2: 1258 daAuts
     D:6: 1200 daAuts
     D:8: 1186 daAuts
     D:3: 1155 daAuts
    D:10: 1103 daAuts
     D:9: 1077 daAuts
     D:5: 971 daAuts
     D:1: 901 daAuts
     D:7: 634 daAuts
  Temple: 122 daAuts
    D:11: 27 daAuts
